 Dungeon Crawl Stone Soup version 0.29-a0-321-gf1c400731a (webtiles) character file.

Game seed: 8683770628200721980

1582 wakim the Insei (level 8, -3/54 HPs)
             Began as an Octopode Transmuter on Apr 3, 2022.
             Slain by an orc
             ... wielding a +0 falchion
              (8 damage)
             ... on level 5 of the Dungeon.
             The game lasted 00:18:35 (8141 turns).

wakim the Insei (Octopode Transmuter)               Turns: 8141, Time: 00:18:36

Health: -3/54      AC:  1    Str: 10    XL:     8   Next: 91%
Magic:  11/11      EV: 13    Int: 17    God:
Gold:   298        SH:  0    Dex: 12    Spells: 3/11 levels left

rFire   . . .      SeeInvis +   b - +4 short sword (venom)
rCold   . . .      Faith    .   (no shield)
rNeg    . . .      Spirit   .   (helmet restricted)
rPois   .          Reflect  .   W - amulet of the acrobat
rElec   .          Harm     .   S - ring of see invisible
rCorr   .          Rampage  .   (no ring)
Will    .....                   (no ring)
Stlth   +++.......              (no ring)
HPRegen 0.18/turn               (no ring)
MPRegen 0.12/turn               (no ring)
                                (no ring)
                                (no ring)

@: no status effects
A: almost no armour, amphibious, 8 rings, camouflage 1, gelatinous body 1,
(nimble swimmer 1), tentacles
a: no special abilities


You were on level 5 of the Dungeon.
You visited 1 branch of the dungeon, and saw 5 of its levels.

You collected 298 gold pieces.

Inventory:

Hand Weapons
 b - a +4 short sword of venom (weapon)
Jewellery
 S - a ring of see invisible (left tentacle)
 W - an amulet of the acrobat (around mantle)
Wands
 x - a wand of iceblast (4)
Scrolls
 T - 2 scrolls of teleportation
 X - a scroll of amnesia
Potions
 A - a potion of ambrosia
 F - 2 potions of curing
 G - a potion of flight
 J - 3 potions of heal wounds
 L - a potion of lignification {!q}
 N - a potion of might


   Skills:
 + Level 4.6 Fighting
 - Level 2.0 Dodging
 - Level 3.0 Stealth
 * Level 7.5 Unarmed Combat
 - Level 2.0 Spellcasting
 * Level 5.7 Transmutations
 + Level 3.3 Ice Magic


You had 3 spell levels left.
You knew the following spells:

 Your Spells              Type           Power      Damage    Failure   Level
a - Beastly Appendage     Tmut           42%        N/A       1%          1
c - Ice Form              Ice/Tmut       17%        N/A       30%         4
x - Spider Form           Tmut/Pois      11%        N/A       19%         3

Your spell library contained the following spells:

 Spells                   Type           Power      Damage    Failure   Level
 Wereblood                Tmut           21%        N/A       2%          2
 Conjure Ball Lightning   Conj/Air       0%         3x3d6     100%        6
 Discord                  Hex            0%         N/A       100%        8
 Disjunction              Tloc           0%         N/A       100%        8


Dungeon Overview and Level Annotations

Branches:
Dungeon (5/15)
 Temple: D:4-7

Altars:
Makhleb

Annotations:
D:2 1 runed translucent door, Crazy Yiuf


Innate Abilities, Weirdness & Mutations

You cannot wear most types of armour.
You are amphibious.
You can wear up to eight rings at the same time.
Your skin changes colour to match your surroundings (Stealth+).
Your rubbery body absorbs attacks. (AC +1, EV +1)
((You are camouflaged when in or above water. (Stealth+)))
You have tentacles for arms and can constrict up to eight enemies at once.


Message History

The orc priest invokes the aid of Beogh against you.
Pain shoots through your body! The orc closely misses you. 28/54 (-10)
You hit the orc priest.
You kill the orc priest!
The orc wizard misses you. The orc wizard barely misses you.
The orc misses you.
You barely miss the orc wizard. Your grab misses the orc wizard.
You squeeze the orc wizard.
The orc wizard is lightly wounded.
The orc wizard hits you with a +0 club.
* * * LOW HITPOINT WARNING * * *
The orc hits you with a +0 falchion.
* * * LOW HITPOINT WARNING * * *
The orc wizard barely misses you. 20/54 (-8)
You completely miss the orc wizard. Your grab misses the orc wizard.
The orc wizard is lightly wounded.
The orc wizard hits you with a +0 club.
* * * LOW HITPOINT WARNING * * *
The orc hits you with a +0 falchion.
* * * LOW HITPOINT WARNING * * *
14/54 (-6)
You hit the orc wizard but do no damage.
The orc wizard is poisoned.
You grab the orc wizard.
The orc wizard is lightly wounded.
You constrict the orc wizard.
The orc wizard gestures at you while chanting.
You resist with some effort. The orc barely misses you.
The orc wizard points at you and mumbles some strange words.
The puff of flame hits you!
* * * LOW HITPOINT WARNING * * *
7/54 (-7)
You hit the orc. You grab the orc.
The orc is moderately wounded.
You constrict the orc wizard, but do no damage.
You constrict the orc. The orc wizard hits you with a +0 club.
* * * LOW HITPOINT WARNING * * *
The orc hits you with a +0 falchion!
You die...

........ ... ..#####.
..# . ##. #.. #.. #..#
.. #.. ##... #.. ##..
###....#####... #...
......oo#....#...####...
.......@)..# #..........
.....##)..## #..##.###..
...≈≈≈≈. #...# ..#. ###
#.≈≈≈≈≈..###..## ..# #
#.P≈≈≈≈..##....####..#
.# .# #..
≈.≈.....)........#..#
.####..
.......###......#..#
.##...#
#.......####....#..# #
......####.......##
##......# .


You could see an orc wizard (fast, very poisoned) and an orc.

Vanquished Creatures
  Sigmund (D:2)
  2 sky beasts (D:4)
  2 ogres
  2 phantoms
  A scorpion (D:4)
  2 water moccasin zombies (D:5)
  3 howler monkeys (D:4)
  A centaur zombie (D:5)
  A jelly (D:4)
  A hound (D:4)
  An orc priest (D:5)
  A gnoll shaman (D:4)
  Terence (D:3)
  An orc wizard (D:4)
  A killer bee zombie (D:5)
  A hound zombie (D:5)
  A hound skeleton (D:5)
  18 gnolls
  2 howler monkey skeletons (D:5)
  6 adders
  3 ufetubi
  An adder zombie (D:5)
  An adder skeleton (D:5)
  A worm (D:2)
  A dart slug (D:4)
  21 orcs
  2 endoplasms
  4 giant cockroaches
  10 hobgoblins
  11 jackals (D:4)
  8 kobolds
  2 quokkas
  7 ball pythons
  7 bats
  2 frilled lizards
  8 goblins
  A rat (D:3)
139 creatures vanquished.

Vanquished Creatures (others)
  2 plants (D:4)
  2 withered plants (D:5)
4 creatures vanquished.

Grand Total: 143 creatures vanquished

Notes
Turn   | Place    | Note
-------+----------+-------------------------------------------
     0 | D:1      | wakim the Octopode Transmuter began the quest for the Orb.
     0 | D:1      | Reached XP level 1. HP: 13/13 MP: 3/3
   186 | D:1      | Reached skill level 1 in Stealth
   192 | D:1      | Reached XP level 2. HP: 9/18 MP: 3/5
   626 | D:1      | Found a faded altar of an unknown god.
   924 | D:2      | Found a burning altar of Makhleb.
   957 | D:2      | Reached XP level 3. HP: 23/23 MP: 4/6
  1245 | D:2      | Learned a level 3 spell: Spider Form
  1729 | D:2      | Noticed Sigmund
  1746 | D:2      | Killed Sigmund
  1747 | D:2      | Reached skill level 5 in Unarmed Combat
  1747 | D:2      | Reached XP level 4. HP: 18/30 MP: 1/7
  1747 | D:2      | Reached XP level 5. HP: 21/35 MP: 1/8
  1914 | D:2      | Found a runed translucent door.
  1915 | D:2      | Noticed Crazy Yiuf
  2554 | D:3      | Noticed Terence
  2820 | D:3      | Killed Terence
  2821 | D:3      | Reached XP level 6. HP: 31/41 MP: 5/9
  3372 | D:3      | Learned a level 4 spell: Ice Form
  3917 | D:4      | Noticed a sky beast
  3936 | D:4      | Killed a sky beast
  3937 | D:4      | Reached skill level 1 in Ice Magic
  4057 | D:4      | Reached XP level 7. HP: 42/46 MP: 8/10
  4381 | D:4      | Reached skill level 6 in Unarmed Combat
  5268 | D:4      | Reached XP level 8. HP: 27/54 MP: 7/11
  6758 | D:4      | !bestwep
  6977 | D:5      | Entered Level 5 of the Dungeon
  7147 | D:5      | Reached skill level 7 in Unarmed Combat
  7147 | D:5      | Reached skill level 5 in Transmutations
  7266 | D:5      | !bestwep
  8141 | D:5      | Slain by an orc

Illustrated notes

..)#....#.......# #+###≈≈P...#
...#)..)#.....^.# #.≈≈≈....#
...)....')...o..# .#.≈≈≈....#
###############'#####.#.≈≈≈....#
)..#....#.......#.....#.≈≈≈....#
.....≈≈.........#...o.#.≈≈≈....#
.....≈≈.........#''## #.≈≈≈....#
...#....#...........# #.≈≈≈..P.#
####....########@...# #.≈≈≈....#
#..)##...# #....#+###≈≈....#
#####################...#≈≈....#
....................#.o.#≈≈....#
≈≈≈≈≈≈≈≈≈≈≈≈≈≈≈≈≈≈≈≈#####≈≈....#
≈≈≈≈≈≈≈≈≈≈≈≈≈≈≈≈≈≈≈≈≈≈≈≈≈≈≈....#
≈≈≈≈≈≈≈≈≈≈≈≈≈≈≈≈≈≈≈≈≈≈≈≈≈≈≈....#
............P.............P....#
..............P................#


Turn 6758 on D:4: !bestwep ≈.≈...... ###.. .......## #...# #.......#
...####.......## #.?.##.........## ##. ...#............ ....# #....###......##
......###....# ###....# #...
